 Dungeon Crawl Stone Soup version 0.20-a0-351-gc9b4002 (webtiles) character file.

623 Eptagon the Grappler (level 7, -5/66 HPs)
             Began as a Troll Monk on Dec 26, 2016.
             Was a Believer of Okawaru.
             Slain by Pikel
             ... wielding a +1 whip of electrocution
              (18 damage)
             ... on level 5 of the Dungeon.
             The game lasted 00:09:28 (3326 turns).

Eptagon the Grappler (Troll Monk)                   Turns: 3326, Time: 00:09:29

Health: -5/66      AC:  6    Str: 23    XL:     7   Next: 22%
Magic:  6/6        EV: 10    Int:  6    God:    Okawaru [**....]
Gold:   229        SH:  0    Dex: 13    Spells: 6/6 levels left

rFire  . . .     SeeInvis .       - Unarmed
rCold  . . .     Gourm    +     a - +1 robe
rNeg   . . .     Faith    .     (no shield)
rPois  .         Spirit   .     (helmet restricted)
rElec  .         Reflect  .     (no cloak)
rCorr  .         Harm     .     (gloves unavailable)
MR     .....                    (boots unavailable)
Stlth  +.........               (no amulet)
                                (no ring)
                                (no ring)

@: drained
A: unfitting armour, claws 3, fast metabolism 3, gourmand, regeneration 1,
shaggy fur 1, strong 1, tough skin 2
a: Heroism, Renounce Religion


You were on level 5 of the Dungeon.
You worshipped Okawaru.
Okawaru was pleased with you.
You were very full.

You visited 2 branches of the dungeon, and saw 6 of its levels.

You collected 359 gold pieces.
You spent 130 gold pieces at shops.

Inventory:

Armour
 a - a +1 robe (worn)
Wands
 d - a wand of flame (18/48)
 f - a wand of disintegration (23/24)
Scrolls
 e - 2 scrolls of teleportation
 h - a scroll of recharging
 l - a scroll of enchant armour
 m - a scroll of remove curse
Potions
 c - 4 potions of heal wounds
 g - a potion of haste
 i - a potion of lignification
 j - a potion of curing
 k - 2 potions of might {unknown}
 u - 2 potions of resistance
Comestibles
 b - 4 bread rations
 p - a beef jerky
 s - 5 fruits
 t - 2 meat rations


   Skills:
 - Level 2.4(1.4) Fighting
 - Level 2.4(1.4) Dodging
 - Level 1.0(0.0) Stealth
 + Level 8.4(7.2) Unarmed Combat


You had 6 spell levels left.
You didn't know any spells.

Dungeon Overview and Level Annotations

Branches:
Dungeon (5/15)             Temple (1/1) D:5

Altars:
Ashenzari
Dithmenos
Elyvilon
Fedhas
Gozag
Hepliaklqana
Kikubaaqudgha
Makhleb
Nemelex Xobeh
Okawaru
Qazlal
Ru
Uskayaw
Vehumet
Xom
Yredelemnul
Zin
The Shining One
Beogh

Shops:
D:4 *

Annotations:
D:5 Pikel


Innate Abilities, Weirdness & Mutations

You are too large for most types of armour.
You have claws for hands.
Your metabolism is lightning-fast.
You like to eat raw meat.
Your natural rate of healing is unusually fast.
You are covered in fur. (AC +1)
You have very tough skin. (AC +2)
Your muscles are strong. (Str +2)


Message History

The slave hits you.
* * * LOW HITPOINT WARNING * * *
You hear the rusting of a very distant drain.
There is a stone staircase leading up here.
You closely miss the slave.
The slave is heavily wounded.
The slave barely misses you.
You claw the slave!
You kill the slave!
That felt strangely unrewarding.
You barely miss Pikel.
Pikel is moderately wounded.
Pikel hits you with a whip of electrocution.
* * * LOW HITPOINT WARNING * * *
You claw Pikel!
Pikel is heavily wounded.
Pikel hits you with a whip of electrocution.
* * * LOW HITPOINT WARNING * * *
You are electrocuted!
You die...

#.............)......
#....pKp.............
#....#######.........
##......###..........
###...................
#.........pK#p........
#..#.......p..pp....>..
#.##..#.....###K####>##
...##.##.....# #@#
..##..##.....# #..#
.##..#>......# ##.#
.............# ..
##.#.#.#.....# ###
.#.(.#.#.....#
$#..##.....###
.....#..#### #..#....#


You could see Pikel and 3 slaves.

Vanquished Creatures
  A phantom (D:4)
  A slave (D:5)
  A centaur (D:5)
  A scorpion (D:4)
  A crimson imp (D:5)
  2 hounds (D:4)
  A jelly (D:5)
  2 orc priests (D:4)
  A worker ant (D:4)
  A worker ant zombie (D:4)
  4 gnolls (D:2)
  4 adders
  5 worms
  A dart slug (D:2)
  3 leopard geckos
  7 orcs
  2 giant cockroaches
  16 hobgoblins
  3 jackals (D:3)
  10 kobolds
  A quokka (D:3)
  A ball python (D:3)
  7 bats
  3 frilled lizards
  11 goblins
  10 rats
100 creatures vanquished.

Notes
Turn   | Place    | Note
-------+----------+-------------------------------------------
     0 | D:1      | Eptagon the Troll Monk began the quest for the Orb.
     0 | D:1      | Reached XP level 1. HP: 22/22 MP: 0/0
    86 | D:1      | Reached XP level 2. HP: 29/29 MP: 1/1
   326 | D:1      | Reached skill level 4 in Unarmed Combat
   663 | D:2      | Reached XP level 3. HP: 31/36 MP: 2/2
   969 | D:2      | Reached skill level 5 in Unarmed Combat
   969 | D:2      | Reached XP level 4. HP: 44/44 MP: 3/3
  1558 | D:3      | Found a sacrificial altar of Ru.
  1577 | D:3      | Reached XP level 5. HP: 44/50 MP: 4/4
  1826 | D:3      | Reached skill level 6 in Unarmed Combat
  2199 | D:4      | Noticed a phantom
  2202 | D:4      | Found Tuenuu's General Store.
  2216 | D:4      | Killed a phantom
  2216 | D:4      | Reached XP level 6. HP: 55/59 MP: 5/5
  2273 | D:4      | Found a roughly hewn altar of Beogh.
  2279 | D:4      | Reached skill level 7 in Unarmed Combat
  2916 | D:4      | Bought a potion of resistance for 130 gold pieces
  2943 | D:5      | Entered Level 5 of the Dungeon
  2960 | D:5      | Found a glowing silver altar of Zin.
  3023 | D:5      | Reached skill level 8 in Unarmed Combat
  3023 | D:5      | Reached XP level 7. HP: 63/66 MP: 6/6
  3024 | D:5      | Gained mutation: Your muscles are strong. (Str +2) [potion of beneficial mutation]
  3027 | D:5      | Found a radiant altar of Vehumet.
  3114 | D:5      | Found a staircase to the Ecumenical Temple.
  3126 | Temple   | Entered the Ecumenical Temple
  3235 | Temple   | Became a worshipper of Warmaster Okawaru
  3235 | Temple   | Reached * piety under Okawaru
  3235 | Temple   | Reached ** piety under Okawaru
  3286 | D:5      | Noticed Pikel
  3326 | D:5      | Slain by Pikel

Vault maps used:
D:1:      scummos_arrival_star
D:2:      first_bread
D:3:      nicolae_ru_awakened_eye, minmay_strange_pillars
D:4:      serial_shops, shop_fountains, kennysheep_orc_chapel
D:5:      zin_treasury, portal_sewer_entry_e, vehumet_altar_wand_db, uniq_pikel
Temple:   regret_index_temple_sphere_string

Skill      XL: |  1  2  3  4  5  6 |
---------------+-------------------+-----
Unarmed Combat | 4 5 6 8 |  8.4
Fighting       | |  2.4
Dodging        | |  2.4
Stealth        | |  1.0

Action                   |  1- 3 |  4- 6 |  7- 9 || total
-------------------------+-------+-------+-------++-------
Melee: Unarmed           |    85 |   147 |    27 ||   259
       Punch             |     2 |     2 |     1 ||     5
Evoke: Wand              |       |     1 |     2 ||     3
  Use: Scroll            |       |    15 |       ||    15
       Potion            |       |       |     1 ||     1
 Stab: Sleeping          |     3 |     1 |       ||     4
  Eat: Chunk             |    14 |    19 |     1 ||    34
Armor: Robe              |    25 |    40 |     5 ||    70
Dodge: Dodged            |    36 |    48 |    14 ||    98
